 Dungeon Crawl Stone Soup version 0.26-a0-612-gd4d190f45e (webtiles) character file.

Game seed: 2169258795345612793

77 Forgol the Slasher (level 4, 0/35 HPs)
             Began as a Demonspawn Fighter on Sept 10, 2020.
             Slain by a kobold
             ... wielding a +0 short sword
              (2 damage)
             ... on level 2 of the Dungeon.
             The game lasted 00:03:07 (1520 turns).

Forgol the Slasher (Demonspawn Fighter)             Turns: 1520, Time: 00:03:08

Health: 0/35       AC:  8    Str: 18    XL:     4   Next: 13%
Magic:  4/4        EV:  4    Int:  9    God:
Gold:   86         SH:  8    Dex: 12    Spells: 3/3 levels left

rFire    . . .     SeeInvis .   a - +0 long sword
rCold    + . .     Faith    .   c - +0 kite shield
rNeg     . . .     Spirit   .   h - +0 chain mail
rPois    .         Reflect  .   (no helmet)
rElec    .         Harm     .   (no cloak)
rCorr    .                      (no gloves)
MR       .....                  (no boots)
Stlth    ..........             (no amulet)
HPRegen  0.11/turn              (no ring)
MPRegen  0.09/turn              (no ring)

@: mighty
A: claws 1, cold resistance 1
a: no special abilities


You were on level 2 of the Dungeon.
You visited 1 branch of the dungeon, and saw 2 of its levels.

You collected 86 gold pieces.

Inventory:

Hand Weapons
 a - a +0 long sword (weapon)
Armour
 b - a +0 scale mail
 c - a +0 kite shield (worn)
 h - a +0 chain mail (worn)
Jewellery
 i - an uncursed ring of wizardry {unknown}
Scrolls
 e - a scroll of teleportation
 g - a scroll of identify
Potions
 f - a potion of stabbing {unknown}
 j - a potion of berserk rage {unknown}
 k - 2 potions of mutation
 l - a potion of degeneration {unknown}


   Skills:
 - Level 3.0 Fighting
 + Level 4.0 Long Blades
 - Level 2.6 Armour
 - Level 2.6 Shields


You had 3 spell levels left.
You didn't know any spells.
Your spell library was empty.

Dungeon Overview and Level Annotations

Branches:
Dungeon (2/15)

Altars:
Okawaru

Annotations:
D:2 Robin


Innate Abilities, Weirdness & Mutations

You have sharp fingernails.
Your flesh is cold resistant. (rC+)


Message History

Robin throws the goblin at you!
* * * LOW HITPOINT WARNING * * *
You block the kobold's attack. The goblin barely misses you.
You riposte.
You slash the goblin!
You kill the goblin!
The goblin hits you but does no damage.
You hit the adder skeleton.
The adder skeleton is heavily damaged.
The hobgoblin no longer looks unusually strong.
You block the adder skeleton's attack. You block the kobold's attack.
The adder skeleton bites you but does no damage.
The goblin hits you.
* * * LOW HITPOINT WARNING * * *
Okay, then.
Okay, then.
You feel very mighty all of a sudden.
Robin roars a battlecry!
The hobgoblin goes into a battle-frenzy!
The kobold hits you with a +0 short sword.
You die...

....#####......#...♣...#..#
#.........................#
########........##.######.#
#......††.......##........#
....#####.......##.########
....##..........##.#
....##...........#.#
....##.........)g#.#
....##.......###@Zg#
....##.......# ##KZ#
##+###...........g......#
...# ###...[...g..>.....#
#### ###...Z......§§
#............ #..........§§
#.gg....?...≈ #.....####..≈


You could see Robin, an adder zombie, a hobgoblin (strong), a goblin (strong), a
kobold and an adder skeleton.

Vanquished Creatures
  2 adders (D:2)
  An adder zombie (D:2)
  An ooze (D:2)
  3 worms (D:2)
  A dart slug (D:1)
  A leopard gecko (D:1)
  A ball python (D:1)
  A bat (D:1)
  3 giant cockroaches (D:1)
  6 hobgoblins
  2 kobolds
  2 frilled lizards (D:1)
  A giant cockroach zombie (D:2)
  9 goblins
  5 rats (D:1)
39 creatures vanquished.

Vanquished Creatures (others)
  5 withered plants (D:2)
5 creatures vanquished.

Grand Total: 44 creatures vanquished

Notes
Turn   | Place    | Note
-------+----------+-------------------------------------------
     0 | D:1      | Forgol the Demonspawn Fighter began the quest for the Orb.
     0 | D:1      | Reached XP level 1. HP: 18/18 MP: 1/1
    49 | D:1      | Reached skill level 2 in Long Blades
   166 | D:1      | Gained mutation: Your flesh is cold resistant. (rC+)
                  | [demonic ancestry]
   166 | D:1      | Reached XP level 2. HP: 21/24 MP: 2/2
   450 | D:1      | Reached skill level 3 in Long Blades
   792 | D:2      | Reached XP level 3. HP: 29/29 MP: 3/3
  1480 | D:2      | Found an iron altar of Okawaru.
  1499 | D:2      | Noticed Robin
  1503 | D:2      | Gained mutation: You have sharp fingernails. [demonic
                  | ancestry]
  1503 | D:2      | Reached XP level 4. HP: 35/35 MP: 4/4
  1507 | D:2      | Reached skill level 4 in Long Blades
  1520 | D:2      | Slain by a kobold

Illustrated notes

Levels and vault maps discovered:
D:1:      lightli_arrival_isolated_outpost, layout_basic
D:2:      layout_basic, okawaru_trees_2, tso_oasis_becter, serial_undead,
          serial_undead_b, serial_undead_b, serial_undead_e, serial_undead_f,
          serial_undead_e, serial_undead_a, serial_undead_c, uniq_robin

Skill      XL: |  1  2  3  4 |
---------------+-------------+-----
Long Blades    | 2 3 4 |  4.0
Fighting       | |  3.0
Armour         | |  2.6
Shields        | |  2.6

Action                   |  1- 3 |  4- 6 || total
-------------------------+-------+-------++-------
Melee: Long sword        |   108 |    16 ||   124
  Use: Scroll            |     5 |       ||     5
       Potion            |       |     1 ||     1
Armor: Scale mail        |    28 |       ||    28
       Chain mail        |    14 |    24 ||    38
Dodge: Dodged            |    22 |     6 ||    28
Block: Kite shield       |    48 |    19 ||    67
       Rpst.: Long sword |     4 |     4 ||     8

Table legend: (Time is in decaauts)
 A = Elapsed time spent in this place.
 B = Non-inter-level travel time spent in this place.
 C = Inter-level travel time spent in this place.
 D = Time resting spent in this place.
 E = Time spent auto-exploring this place.
 F = Levels seen in this place.
 G = Mean time per level.
                   A        B        C        D        E       F      G
               +--------+--------+--------+--------+--------+-----+--------+
         Total |   1566 |   1551 |     15 |    495 |    774 |   2 |  783.0 |
       Dungeon |   1566 |   1551 |     15 |    495 |    774 |   2 |  783.0 |
               +--------+--------+--------+--------+--------+-----+--------+

Top non-repeatable levels by time:
     D:1: 793 daAuts
     D:2: 772 daAuts
